 Dungeon Crawl Stone Soup version 0.25-a0-855-g681bda5bb4 (webtiles) character file.

Game seed: 1319716921708924921, levelgen mode: deterministic

1663 gargoyle3rune the Basher (level 9, 0/54 HPs)
             Began as a Gargoyle Fighter on Apr 26, 2020.
             Was a Follower of Okawaru.
             Slain by a hornet zombie (5 damage)
             ... on level 8 of the Dungeon.
             The game lasted 00:23:30 (7011 turns).

gargoyle3rune the Basher (Gargoyle Fighter)         Turns: 7011, Time: 00:23:31

Health: 0/54       AC: 17    Str: 23    XL:     9   Next: 1%
Magic:  9/9        EV:  6    Int: 11    God:    Okawaru [*.....]
Gold:   258        SH: 10    Dex:  9    Spells: 8/8 levels left

rFire    . . .     SeeInvis .   a - +0 flail
rCold    . . .     Gourm    .   c - +0 kite shield
rNeg     + . .     Faith    .   g - +0 chain mail
rPois    ∞         Spirit   .   (no helmet)
rElec    +         Reflect  .   (no cloak)
rCorr    .         Harm     .   G - +0 pair of gloves
MR       .....                  (no boots)
Stlth    ..........             (no amulet)
HPRegen  0.18/turn              B - +2 ring of intelligence
MPRegen  0.11/turn              (no ring)

@: no status effects
A: negative energy resistance 1, electricity resistance, unbreathing,
petrification resistance, rot immunity, AC +6
a: Heroism, Renounce Religion


You were on level 8 of the Dungeon.
You worshipped Okawaru.
Okawaru was aware of your devotion.
You were not hungry.

You visited 2 branches of the dungeon, and saw 9 of its levels.
You also visited: Sewer.

You collected 318 gold pieces.
You spent 60 gold pieces at shops.

Inventory:

Hand Weapons
 a - a +0 flail (weapon)
Missiles
 h - 16 poisoned darts (quivered)
 y - 7 boomerangs
Armour
 c - a +0 kite shield (worn)
 g - a +0 chain mail (worn)
 G - a +0 pair of gloves (worn)
Jewellery
 B - a +2 ring of intelligence (left hand)
Wands
 o - a wand of random effects (9)
 p - a wand of flame (33)
 A - a wand of iceblast (9)
Scrolls
 d - 6 scrolls of teleportation
 e - 3 scrolls of remove curse
 i - a scroll of random uselessness {unknown}
 l - a scroll of immolation {unknown}
 n - a scroll of fear {unknown}
 t - a scroll of enchant armour {unknown}
 u - 3 scrolls of blinking
 z - 2 scrolls of magic mapping
 H - a scroll of amnesia {unknown}
Potions
 b - 2 potions of lignification {unknown}
 j - 8 potions of curing
 k - 2 potions of magic
 m - 3 potions of flight
 q - 2 potions of invisibility
 r - 2 potions of haste {unknown}
 s - a potion of heal wounds
 v - 2 potions of brilliance
 w - 3 potions of stabbing
 x - a potion of ambrosia {unknown}
 C - a potion of resistance {unknown}
 D - a potion of mutation {unknown}
 E - a potion of degeneration {unknown}
 I - a potion of might
Comestibles
 f - 8 rations
 F - 10 chunks of flesh


   Skills:
 - Level 5.0 Fighting
 * Level 8.4 Maces & Flails
 - Level 5.0 Armour
 + Level 7.0 Shields
 + Level 0.0 Invocations


You had 8 spell levels left.
You didn't know any spells.
Your spell library was empty.

Dungeon Overview and Level Annotations

Branches:
Dungeon (8/15)             Temple (1/1) D:6           Sewer (visited)
   Lair: D:8-11

Altars:
Ashenzari
Cheibriados
Dithmenos
Elyvilon
Fedhas
Gozag
Hepliaklqana
Makhleb
Nemelex Xobeh
Okawaru
Qazlal
Ru
Sif Muna
Uskayaw
Vehumet
Wu Jian
Xom
Yredelemnul
The Shining One
Lugonu

Shops:
D:7 !

Annotations:
D:8 Harold


Innate Abilities, Weirdness & Mutations

You are resistant to torment.
Your stone body is resilient. (AC +6)
You are immune to poison.
You resist negative energy. (rN+)
You are resistant to electric shocks. (rElec)
You can survive without breathing.
You are immune to petrification.
You are immune to rotting.


Message History

Something hits you.
Unknown command.
Evoke which item? (* to show all) (? for menu, Esc to quit)
Okay, then.
Something hits you!
An adder comes into view.
Evoke which item? (* to show all) (? for menu, Esc to quit)
Aiming: Random Effects
Press: ? - help, Shift-Dir - straight line The mass of ice explodes!
The iceblast engulfs the hornet zombie.
The hornet zombie partially resists.
The hornet zombie is moderately damaged.
The iceblast engulfs something but does no damage.
The iceblast engulfs you.
You hear a shout!
The hornet zombie hits you but does no damage.
Something hits you!!
* * * LOW HITPOINT WARNING * * *
The hornet zombie hits you.
You die...

## ##...##
#..##.....##
..#....)..### #
.S..._.....# #.
#.......# #..
#.....#
#...##.{.#
#....##Z##
......#@#######
#..(.......
###.#######
#.#########
#..##.....##
##)........##
##.(.......#
#....)....#
#...<.....#


You could see an adder and a hornet zombie.

Vanquished Creatures
  A hippogriff (D:7)
  2 sky beasts
  An orc warrior (D:5)
  2 ogres
  A centaur (D:5)
  A big kobold (Sewer)
  A bullfrog (D:6)
  A howler monkey (D:4)
  2 crimson imps
  2 orc priests (D:3)
  A hound (D:2)
  A bullfrog skeleton (D:6)
  Ijyb (D:5)
  Jessica (D:3)
  2 iguanas
  5 orc wizards
  2 worker ants
  A hound zombie (D:5)
  2 howler monkey zombies (D:5)
  A worker ant zombie (D:5)
  3 river rats (Sewer)
  10 adders
  A shadow imp (D:5)
  5 worms
  3 dart slugs
  8 leopard geckos
  28 orcs
  4 ball pythons
  5 bats
  11 giant cockroaches
  9 goblins
  6 hobgoblins
  2 quokkas
  16 frilled lizards
  A jackal skeleton (D:4)
  9 kobolds
  A leopard gecko zombie (D:5)
  8 rats
161 creatures vanquished.

Notes
Turn   | Place    | Note
-------+----------+-------------------------------------------
     0 | D:1      | gargoyle3rune the Gargoyle Fighter began the quest for the
                  | Orb.
     0 | D:1      | Reached XP level 1. HP: 14/14 MP: 1/1
    71 | D:1      | Reached XP level 2. HP: 16/19 MP: 2/2
   256 | D:1      | Reached XP level 3. HP: 23/23 MP: 3/3
   732 | D:2      | Reached skill level 3 in Maces & Flails
   816 | D:2      | Reached XP level 4. HP: 29/29 MP: 4/4
   833 | D:2      | Found a snail-covered altar of Cheibriados.
   913 | D:2      | Found a sacrificial altar of Ru.
  1056 | D:2      | Found a burning altar of Makhleb.
  1181 | D:2      | Found a shimmering blue altar of Sif Muna.
  1240 | D:2      | Reached XP level 5. HP: 33/33 MP: 5/5
  1248 | D:2      | Found an ornate altar of the Wu Jian Council.
  1397 | D:3      | Found a glowing drain.
  1459 | Sewer    | Entered a sewer
  1686 | Sewer    | Noticed a big kobold
  1716 | Sewer    | Killed a big kobold
  1716 | Sewer    | Reached skill level 4 in Maces & Flails
  1716 | Sewer    | Reached XP level 6. HP: 39/39 MP: 6/6
  2306 | D:3      | Found a faded altar of an unknown god.
  2346 | D:3      | Found a blossoming altar of Fedhas.
  2465 | D:3      | Noticed Jessica
  2486 | D:3      | Killed Jessica
  2879 | D:3      | Found a shattered altar of Ashenzari.
  3146 | D:4      | Found an opulent altar of Gozag.
  3177 | D:4      | Reached XP level 7. HP: 30/44 MP: 7/7
  3321 | D:4      | Noticed a -2 dagger
  3322 | D:4      | Found a hide-covered altar of Uskayaw.
  3324 | D:4      | Noticed a +0 hand axe
  3331 | D:4      | Reached skill level 5 in Maces & Flails
  3742 | D:4      | Reached skill level 5 in Armour
  3772 | D:4      | Found a white marble altar of Elyvilon.
  3783 | D:4      | Reached skill level 5 in Fighting
  3783 | D:4      | Reached skill level 5 in Shields
  4179 | D:5      | Entered Level 5 of the Dungeon
  4201 | D:5      | Noticed Ijyb
  4213 | D:5      | Killed Ijyb
  4398 | D:5      | Found a hazy altar of Hepliaklqana.
  4437 | D:5      | Reached skill level 6 in Maces & Flails
  4825 | D:6      | Reached XP level 8. HP: 41/49 MP: 8/8
  4996 | D:6      | Found a staircase to the Ecumenical Temple.
  5027 | Temple   | Entered the Ecumenical Temple
  5045 | Temple   | Became a worshipper of Warmaster Okawaru
  5337 | D:4      | Reached skill level 7 in Maces & Flails
  6018 | D:7      | Found Jogu's Distillery.
  6026 | D:7      | Bought a potion of might for 60 gold pieces
  6171 | D:7      | Found a stormy altar of Qazlal.
  6238 | D:7      | Found a sparkling altar of Nemelex Xobeh.
  6818 | D:8      | Noticed a hippogriff
  6832 | D:7      | Reached skill level 8 in Maces & Flails
  6843 | D:7      | Killed a hippogriff
  6843 | D:7      | Reached * piety under Okawaru
  6843 | D:7      | Reached XP level 9. HP: 30/54 MP: 9/9
  6998 | D:8      | Noticed a two-headed ogre
  6999 | D:8      | Noticed a troll
  7005 | D:8      | Found a glowing golden altar of the Shining One.
  7006 | D:8      | Noticed Harold
  7011 | D:8      | Slain by a hornet zombie

Levels and vault maps discovered:
D:1:      zaba_arrival_water, layout_rooms, minmay_lizard_pond
D:2:      layout_rooms, marbit_many_paths, lemuel_coloured_pillars_altar,
          lemuel_doored_altar, led_sif_pool, makhleb_heckhound_becter
D:3:      layout_rooms, fedhas_altar_4, chequers_ecumenical_altar_simple_redux,
          portal_sewer_entry_f, dk_noncrumbling_4, evilmike_ruin_ashenzari,
          uniq_jessica
D:4:      layout_loops_cross, dancing_weapons_uskayaw, lemuel_round_altar,
          elyvilon_altar_5, first_ration
D:5:      layout_rooms, overflow_temple_1_default, uniq_ijyb
D:6:      layout_rooms, minmay_temple_entry_tees
D:7:      layout_basic, grunt_temple_overflow_open, serial_shops, shop
D:8:      minmay_chambers_of_sixes, layout_rooms, lemuel_round_altar,
          hangedman_ranch [blue_anna_fruit_fields], uniq_harold
Temple:   corrupted_temple

Skill      XL: |  1  2  3  4  5  6  7  8 |
---------------+-------------------------+-----
Maces & Flails | 3 4 6 8 |  8.4
Armour         | 4 5 |  5.0
Fighting       | 4 5 |  5.0
Shields        | 4 5 7 |  7.0

Action                   |  1- 3 |  4- 6 |  7- 9 || total
-------------------------+-------+-------+-------++-------
Melee: Flail             |   150 |   271 |   347 ||   768
Throw: Dart              |       |     5 |    13 ||    18
Evoke: Wand              |       |       |     4 ||     4
  Use: Scroll            |     1 |     3 |     8 ||    12
       Potion            |       |     3 |     6 ||     9
  Eat: Chunk             |       |     8 |     7 ||    15
       Ration            |       |       |     2 ||     2
Armor: Scale mail        |    69 |       |       ||    69
       Chain mail        |    16 |   197 |   261 ||   474
Dodge: Dodged            |    57 |    62 |   102 ||   221
Block: Kite shield       |    87 |   156 |   224 ||   467

Table legend:
 A = Non-vault XP
 B = Vault XP
 C = Vault XP percentage of total XP
 D = Non-vault monster count
 E = Vault monster count
 F = Vault count percentage of total count
                 A         B        C        D         E       F
            +---------+---------+-------+---------+---------+-------
      Total |    2027 |     350 |  14.7 |     125 |      36 |  22.4
            +---------+---------+-------+---------+---------+-------
        D:1 |      52 |       8 |  13.3 |      28 |       8 |  22.2
        D:2 |      60 |      53 |  46.9 |      19 |       2 |   9.5
        D:3 |     114 |      41 |  26.5 |      14 |       3 |  17.6
        D:4 |     356 |      11 |   3.0 |      22 |       4 |  15.4
        D:5 |     606 |      38 |   5.9 |      19 |       1 |   5.0
        D:6 |     245 |       0 |   0.0 |      14 |       0 |   0.0
        D:7 |     588 |       0 |   0.0 |       7 |       0 |   0.0
        D:8 |       6 |       0 |   0.0 |       2 |       0 |   0.0
      Sewer |       0 |     199 | 100.0 |       0 |      18 | 100.0
            +---------+---------+-------+---------+---------+-------
